TOP OF THE 1ST |
Texas Rangers batting - Pitching for Kansas City Royals : RHP Aaron Nola
|
Pitching: RHP Aaron Nola
|
|
Batting: LHB Ender Inciarte
|
0-0: Foul Ball, location: 2F 0-1: Foul Ball, location: 2F 0-2: Ball 1-2: Ground out U3 (Groundball, 3)
|
Batting: RHB Andrelton Simmons
|
0-0: Ground out 6-3 (Groundball, 6)
|
Batting: LHB Bryce Harper
|
0-0: Ball 1-0: Ball 2-0: Foul Ball, location: 2F 2-1: Called Strike 2-2: Ball 3-2: Fly out, F7 (Flyball, 78M)
|
Top of the 1st over - 0 runs, 0 hits, 0 errors, 0 left on base; Texas 0 - Kansas City 0 |
BOTTOM OF THE 1ST |
Kansas City Royals batting - Pitching for Texas Rangers : LHP Jose Quintana
|
Pitching: LHP Jose Quintana
|
|
Batting: LHB Raimel Tapia
|
0-0: Foul Ball, location: 2F 0-1: Ball 1-1: Fly out, F7 (Line Drive, 7)
|
Batting: LHB Jesse Winker
|
0-0: Called Strike 0-1: Called Strike 0-2: Foul Ball, location: 2F 0-2: Foul Ball, location: 2F 0-2: Ball 1-2: Ball 2-2: Ground out 4-3 (Groundball, 34)
|
Batting: LHB Joe Mauer
|
0-0: Called Strike 0-1: Ball 1-1: Swinging Strike 1-2: Ball 2-2: Ball 3-2: Fly out, F9 (Flyball, 9D)
|
Bottom of the 1st over - 0 runs, 0 hits, 0 errors, 0 left on base; Texas 0 - Kansas City 0 |
TOP OF THE 2ND |
Texas Rangers batting - Pitching for Kansas City Royals : RHP Aaron Nola
|
Batting: LHB Eric Thames
|
0-0: Called Strike 0-1: Ball 1-1: Foul Ball, location: 2F 1-2: Ball 2-2: Ball 3-2: SINGLE (Groundball, 4MD)
|
Batting: SHB Jeimer Candelario
|
0-0: Ball 1-0: Fly out, F9 (Flyball, 9)
|
Batting: LHB Joc Pederson
|
0-0: Ball 1-0: Ball 2-0: Foul Ball, location: 2F 2-1: Foul Ball, location: 2F 2-2: Strikes out swinging
|
Batting: SHB Asdrubal Cabrera
|
0-0: Called Strike Eric Thames steals 2nd base 0-1: Fly out, F2 (Popup, 25F)
|
Top of the 2nd over - 0 runs, 1 hit, 0 errors, 1 left on base; Texas 0 - Kansas City 0 |
BOTTOM OF THE 2ND |
Kansas City Royals batting - Pitching for Texas Rangers : LHP Jose Quintana
|
Batting: SHB Melky Cabrera
|
0-0: Called Strike 0-1: Ball 1-1: Ball 2-1: Foul Ball, location: 2F 2-2: Foul Ball, location: 2F 2-2: Foul Ball, location: 2F 2-2: Strikes out looking
|
Batting: LHB Lonnie Chisenhall
|
0-0: Ball 1-0: Foul Ball, location: 2F 1-1: Called Strike 1-2: SINGLE (Line Drive, 89S)
|
Batting: RHB Dansby Swanson
|
0-0: Called Strike 0-1: Grounds into double play, 4-6-3 (Groundball, 4M)
|
Bottom of the 2nd over - 0 runs, 1 hit, 0 errors, 0 left on base; Texas 0 - Kansas City 0 |
TOP OF THE 3RD |
Texas Rangers batting - Pitching for Kansas City Royals : RHP Aaron Nola
|
Batting: LHB Miguel Montero
|
0-0: Swinging Strike 0-1: Called Strike 0-2: Strikes out swinging
|
Batting: SHB Breyvic Valera
|
0-0: Ball 1-0: Ground out 4-3 (Groundball, 34)
|
Batting: LHB Ender Inciarte
|
0-0: Called Strike 0-1: Ball 1-1: Foul Ball, location: 2F 1-2: Strikes out swinging
|
Top of the 3rd over - 0 runs, 0 hits, 0 errors, 0 left on base; Texas 0 - Kansas City 0 |
BOTTOM OF THE 3RD |
Kansas City Royals batting - Pitching for Texas Rangers : LHP Jose Quintana
|
Batting: LHB Luis Valbuena
|
0-0: Ball 1-0: Foul Ball, location: 2F 1-1: Ball 2-1: Ball 3-1: Foul Ball, location: 2F 3-2: Fly out, F8 (Line Drive, 8LM)
|
Batting: RHB Kevin Plawecki
|
0-0: Ball 1-0: Ball 2-0: Ball 3-0: Base on Balls
|
Batting: SHB Jurickson Profar
|
0-0: Fly out, F4 (Popup, 3)
|
Batting: LHB Raimel Tapia
|
0-0: Called Strike 0-1: Ground out 4-3 (Groundball, 4)
|
Bottom of the 3rd over - 0 runs, 0 hits, 0 errors, 1 left on base; Texas 0 - Kansas City 0 |
TOP OF THE 4TH |
Texas Rangers batting - Pitching for Kansas City Royals : RHP Aaron Nola
|
Batting: RHB Andrelton Simmons
|
0-0: Ball 1-0: Ball 2-0: Called Strike 2-1: SINGLE (Groundball, 56D)
|
Batting: LHB Bryce Harper
|
0-0: Called Strike 0-1: Foul Ball, location: 2F 0-2: Foul Ball, location: 2F 0-2: Ball 1-2: Ball 2-2: Strikes out swinging
|
Batting: LHB Eric Thames
|
0-0: Ball 1-0: Ball 2-0: TRIPLE (Line Drive, 8LXD) Andrelton Simmons scores
|
Batting: SHB Jeimer Candelario
|
0-0: Ball 1-0: Foul Ball, location: 2F 1-1: Ball 2-1: Swinging Strike 2-2: Fly out, F7 (Flyball, 7S)
|
Batting: LHB Joc Pederson
|
0-0: Ball 1-0: Ball 2-0: Called Strike 2-1: Swinging Strike 2-2: Ball 3-2: Foul Ball, location: 2F 3-2: Foul Ball, location: 2F 3-2: DOUBLE (Flyball, 89XD) Eric Thames scores
|
Batting: SHB Asdrubal Cabrera
|
0-0: Ball 1-0: Called Strike 1-1: Called Strike 1-2: Ball 2-2: Ground out 4-3 (Groundball, 34)
|
Top of the 4th over - 2 runs, 3 hits, 0 errors, 1 left on base; Texas 2 - Kansas City 0 |
BOTTOM OF THE 4TH |
Kansas City Royals batting - Pitching for Texas Rangers : LHP Jose Quintana
|
Batting: LHB Jesse Winker
|
0-0: Foul Ball, location: 2F 0-1: Foul Ball, location: 2F 0-2: Foul Ball, location: 2F 0-2: Ball 1-2: Ground out 1-3 (Groundball, 25)
|
Batting: LHB Joe Mauer
|
0-0: Ball 1-0: Foul Ball, location: 2F 1-1: Ball 2-1: Ground out 5-3 (Groundball, 5)
|
Batting: SHB Melky Cabrera
|
0-0: Ball 1-0: Called Strike 1-1: Fly out, F9 (Flyball, 9LS)
|
Bottom of the 4th over - 0 runs, 0 hits, 0 errors, 0 left on base; Texas 2 - Kansas City 0 |
TOP OF THE 5TH |
Texas Rangers batting - Pitching for Kansas City Royals : RHP Aaron Nola
|
Batting: LHB Miguel Montero
|
0-0: Called Strike 0-1: Ball 1-1: Ball 2-1: Ball 3-1: Foul Ball, location: 2F 3-2: Foul Ball, location: 2F 3-2: Strikes out swinging
|
Batting: SHB Breyvic Valera
|
0-0: Ball 1-0: Called Strike 1-1: DOUBLE (Line Drive, 3D) - OUT at third base trying to stretch hit.
|
Batting: LHB Ender Inciarte
|
0-0: Ball 1-0: Called Strike 1-1: Fly out, F5 (Line Drive, 5)
|
Top of the 5th over - 0 runs, 1 hit, 0 errors, 0 left on base; Texas 2 - Kansas City 0 |
BOTTOM OF THE 5TH |
Kansas City Royals batting - Pitching for Texas Rangers : LHP Jose Quintana
|
Batting: LHB Lonnie Chisenhall
|
0-0: Called Strike 0-1: Ball 1-1: Foul Ball, location: 2F 1-2: Strikes out swinging
|
Batting: RHB Dansby Swanson
|
0-0: Foul Ball, location: 2F 0-1: Ball 1-1: Ball 2-1: Swinging Strike 2-2: Ball 3-2: Strikes out looking
|
Batting: LHB Luis Valbuena
|
0-0: Ball 1-0: Foul Ball, location: 2F 1-1: Ball 2-1: Foul Ball, location: 2F 2-2: DOUBLE (Line Drive, 9LM)
|
Batting: RHB Kevin Plawecki
|
0-0: Fly out, F9 (Flyball, 89M)
|
Bottom of the 5th over - 0 runs, 1 hit, 0 errors, 1 left on base; Texas 2 - Kansas City 0 |
TOP OF THE 6TH |
Texas Rangers batting - Pitching for Kansas City Royals : RHP Aaron Nola
|
Batting: RHB Andrelton Simmons
|
0-0: Ball 1-0: Swinging Strike 1-1: Ground out 4-3 (Groundball, 4)
|
Batting: LHB Bryce Harper
|
0-0: Fly out, F9 (Flyball, 9)
|
Batting: LHB Eric Thames
|
0-0: Ball 1-0: Called Strike 1-1: Called Strike 1-2: Ball 2-2: Fly out, F8 (Flyball, 8RS)
|
Top of the 6th over - 0 runs, 0 hits, 0 errors, 0 left on base; Texas 2 - Kansas City 0 |
BOTTOM OF THE 6TH |
Kansas City Royals batting - Pitching for Texas Rangers : LHP Jose Quintana
|
Batting: SHB Jurickson Profar
|
0-0: Called Strike 0-1: Ball 1-1: Ball 2-1: Foul Ball, location: 2F 2-2: Foul Ball, location: 2F 2-2: Ground out 5-3 (Groundball, 56)
|
Batting: LHB Raimel Tapia
|
0-0: Ball 1-0: Swinging Strike 1-1: Ball 2-1: Fly out, F7 (Flyball, 78M)
|
Batting: LHB Jesse Winker
|
0-0: Foul Ball, location: 2F 0-1: DOUBLE (Line Drive, 9LM)
|
Batting: LHB Joe Mauer
|
0-0: Ball 1-0: Ball 2-0: Foul Ball, location: 2F 2-1: Ball 3-1: Foul Ball, location: 2F 3-2: Base on Balls
|
Batting: SHB Melky Cabrera
|
0-0: Called Strike 0-1: Ball 1-1: Ball 2-1: Called Strike 2-2: Fly out, F8 (Flyball, 89M)
|
Bottom of the 6th over - 0 runs, 1 hit, 0 errors, 2 left on base; Texas 2 - Kansas City 0 |
TOP OF THE 7TH |
Texas Rangers batting - Pitching for Kansas City Royals : RHP Aaron Nola
|
Pitching: RHP Adam Ottavino
|
|
Batting: SHB Jeimer Candelario
|
0-0: Ball 1-0: Foul Ball, location: 2F 1-1: Called Strike 1-2: Ball 2-2: Ball 3-2: Foul Ball, location: 2F 3-2: Foul Ball, location: 2F 3-2: Base on Balls
|
Batting: LHB Joc Pederson
|
0-0: Ball 1-0: Ball 2-0: Called Strike 2-1: Ball 3-1: SINGLE (Line Drive, 8LS) Jeimer Candelario to second Runner from 2nd tries for 3rd, SAFE, throw by CF made to third
|
Batting: SHB Asdrubal Cabrera
|
0-0: Called Strike 0-1: Ball 1-1: Ball 2-1: Ball 3-1: Foul Ball, location: 2F 3-2: Foul Ball, location: 2F 3-2: Base on Balls Joc Pederson to second
|
Pitching: LHP Kyle Freeland
|
|
Batting: LHB Miguel Montero
|
0-0: Called Strike 0-1: Ball 1-1: Called Strike 1-2: Ball 2-2: Foul Ball, location: 2F 2-2: Fly out, F7 (Flyball, 78M) Runner from 3rd tags up, SCORES, throw by LF
|
Batting: SHB Breyvic Valera
|
0-0: Fielders Choice at 2nd, 1-6 (Groundball, P) Joc Pederson to third
|
Batting: LHB Ender Inciarte
|
0-0: Called Strike Breyvic Valera steals 2nd base 0-1: Ball 1-1: Foul Ball, location: 2F 1-2: Ground out 6-3 (Groundball, 56)
|
Top of the 7th over - 1 run, 1 hit, 0 errors, 2 left on base; Texas 3 - Kansas City 0 |
BOTTOM OF THE 7TH |
Kansas City Royals batting - Pitching for Texas Rangers : LHP Jose Quintana
|
Batting: LHB Lonnie Chisenhall
|
0-0: Ball 1-0: Ball 2-0: Foul Ball, location: 2F 2-1: DOUBLE (Line Drive, 89D)
|
Pitching: LHP Andrew Chafin
|
|
Batting: RHB Dansby Swanson
|
0-0: SINGLE (Line Drive, 6M) Lonnie Chisenhall to third
|
Batting: LHB Luis Valbuena
|
0-0: Called Strike 0-1: Fly out, F4 (Flyball, 34D)
|
Batting: RHB Kevin Plawecki
|
0-0: Called Strike 0-1: Fly out, F9 (Flyball, 9D) Runner from 3rd tags up, SCORES, throw by RF
|
Batting: SHB Jurickson Profar
|
0-0: Called Strike 0-1: Ball 1-1: Ball 2-1: Swinging Strike 2-2: Strikes out swinging
|
Bottom of the 7th over - 1 run, 2 hits, 0 errors, 1 left on base; Texas 3 - Kansas City 1 |
TOP OF THE 8TH |
Texas Rangers batting - Pitching for Kansas City Royals : LHP Kyle Freeland
|
Batting: RHB Andrelton Simmons
|
0-0: Ball 1-0: SINGLE (Line Drive, 8LS)
|
Batting: LHB Bryce Harper
|
0-0: Ball Pickoff Throw to First - Out! 1-3 1-0: Ball 2-0: Ball 3-0: Called Strike 3-1: Foul Ball, location: 2F 3-2: Base on Balls
|
Batting: LHB Eric Thames
|
0-0: Called Strike 0-1: Swinging Strike 0-2: Ball 1-2: Foul Ball, location: 2F 1-2: Foul Ball, location: 2F 1-2: Strikes out swinging
|
Batting: SHB Jeimer Candelario
|
0-0: Ball 1-0: Called Strike 1-1: Ball 2-1: Fly out, F8 (Flyball, 8LM)
|
Top of the 8th over - 0 runs, 1 hit, 0 errors, 1 left on base; Texas 3 - Kansas City 1 |
BOTTOM OF THE 8TH |
Kansas City Royals batting - Pitching for Texas Rangers : LHP Andrew Chafin
|
Batting: LHB Raimel Tapia
|
0-0: Ball 1-0: Ball 2-0: Ground out 6-3 (Groundball, 6)
|
Batting: LHB Jesse Winker
|
0-0: Called Strike 0-1: Ball 1-1: Called Strike 1-2: Strikes out swinging
|
Batting: LHB Joe Mauer
|
0-0: Ball 1-0: Called Strike 1-1: Foul Ball, location: 2F 1-2: Ball 2-2: Ball 3-2: DOUBLE (Line Drive, 7LD)
|
Batting: SHB Melky Cabrera
|
0-0: Foul Ball, location: 2F 0-1: Ball 1-1: Ground out 4-3 (Groundball, 4)
|
Bottom of the 8th over - 0 runs, 1 hit, 0 errors, 1 left on base; Texas 3 - Kansas City 1 |
TOP OF THE 9TH |
Texas Rangers batting - Pitching for Kansas City Royals : LHP Kyle Freeland
|
Pitching: RHP Arodys Vizcaino
|
|
Batting: LHB Joc Pederson
|
0-0: Called Strike 0-1: Ball 1-1: Swinging Strike 1-2: Ball 2-2: Foul Ball, location: 2F 2-2: Foul Ball, location: 2F 2-2: Foul Ball, location: 2F 2-2: Ball 3-2: Strikes out looking
|
Batting: SHB Asdrubal Cabrera
|
0-0: Called Strike 0-1: Fly out, F7 (Flyball, 7LMF)
|
Batting: LHB Miguel Montero
|
0-0: Foul Ball, location: 2F 0-1: Ball 1-1: Ball 2-1: Foul Ball, location: 2F 2-2: Foul Ball, location: 2F 2-2: Strikes out swinging
|
Top of the 9th over - 0 runs, 0 hits, 0 errors, 0 left on base; Texas 3 - Kansas City 1 |
BOTTOM OF THE 9TH |
Kansas City Royals batting - Pitching for Texas Rangers : LHP Andrew Chafin
|
Pitching: RHP Will Harris
|
|
Batting: LHB Lonnie Chisenhall
|
0-0: Ball 1-0: Foul Ball, location: 2F 1-1: Swinging Strike 1-2: Ball 2-2: Ball 3-2: Strikes out swinging
|
Batting: RHB Dansby Swanson
|
0-0: Foul Ball, location: 2F 0-1: Called Strike 0-2: Ball 1-2: Foul Ball, location: 2F 1-2: Ground out 5-3 (Groundball, 56)
|
Batting: LHB Luis Valbuena
|
0-0: Ball 1-0: Ball 2-0: TRIPLE (Line Drive, 78XD)
|
Batting: RHB Kevin Plawecki
|
0-0: Foul Ball, location: 2F 0-1: Ground out 6-3 (Groundball, 6)
|
Bottom of the 9th over - 0 runs, 1 hit, 0 errors, 1 left on base; Texas 3 - Kansas City 1 |
|